 Dungeon Crawl Stone Soup version 0.20-a0-77-g476458c (webtiles) character file.

805 sveltemanboy the Archer (level 7, 0/55 HPs)
             Began as a Centaur Hunter on Nov 19, 2016.
             Slain by Edmund
             ... wielding a +1 dire flail of draining
              (1 damage)
             ... on level 5 of the Dungeon.
             The game lasted 00:10:54 (5815 turns).

sveltemanboy the Archer (Centaur Hunter)            Turns: 5815, Time: 00:10:54

Health: 0/55       AC:  7    Str: 15    XL:     7   Next: 60%
Magic:  7/7        EV:  8    Int: 10    God:
Gold:   186        SH:  0    Dex: 11    Spells: 0 memorised, 6 levels left

rFire  + . .     SeeInvis .     a - +1 shortbow
rCold  + . .     Gourm    +     r - +0 ring mail
rNeg   . . .     Faith    .     (shield currently unavailable)
rPois  +         Spirit   .     (no helmet)
rElec  +         Reflect  .     x - +1 cloak
rCorr  +         Harm     .     (no gloves)
MR     .....                    (no barding)
Stlth  ..........               s - amulet of the gourmand
                                (no ring)
                                (no ring)

@: resistant, very heavily drained, very quick
A: hooves 3, deformed body, speed 2, tough skin 3
a: no special abilities


You were on level 5 of the Dungeon.
You were completely stuffed.

You visited 2 branches of the dungeon, and saw 6 of its levels.

You collected 186 gold pieces.

Inventory:

Hand Weapons
 a - a +1 shortbow (weapon)
 b - a +0 short sword
Missiles
 d - 4 arrows (quivered)
Armour
 r - a +0 ring mail (worn)
 x - a +1 cloak (worn)
Jewellery
 s - an amulet of the gourmand (around neck)
 y - an uncursed ring of wizardry {unknown}
Scrolls
 e - a scroll of enchant weapon {unknown}
 i - 2 scrolls of recharging {unknown}
 l - 3 scrolls of remove curse {unknown}
 n - a scroll of teleportation {unknown}
 p - a scroll of magic mapping {unknown}
 t - 5 scrolls of identify {unknown}
 u - a scroll of enchant armour {unknown}
 A - a scroll of blinking {unknown}
Potions
 g - a potion of flight {unknown}
 h - a potion of brilliance {unknown}
 j - a potion of mutation {unknown}
 k - a potion of ambrosia {unknown}
 m - a potion of curing
 v - a potion of heal wounds {unknown}
 z - a potion of might {unknown}
Comestibles
 f - 7 bread rations
 o - a beef jerky
 q - 2 meat rations
 w - a chunk of flesh


   Skills:
 - Level 2.0(0.0) Fighting
 * Level 10.4(7.0) Bows
 + Level 3.5(0.7) Armour
 - Level 1.3(0.0) Dodging
 - Level 0.4(0.0) Stealth


You had 6 spell levels left.
You didn't know any spells.

Dungeon Overview and Level Annotations

Branches:
Dungeon (5/15)             Temple (1/1) D:4

Altars:
Dithmenos
Elyvilon
Fedhas
Gozag
Makhleb
Nemelex Xobeh
Qazlal
Sif Muna
Trog
Uskayaw
Vehumet

Annotations:
D:5 Edmund


Innate Abilities, Weirdness & Mutations

You have hooves in place of feet.
Armour fits poorly on your strangely shaped body.
You cover ground very quickly.
You have extremely tough skin. (AC +3)


Message History

Edmund is severely wounded.
Edmund closely misses you.
The gnoll hits you from afar with a spear.
Firing (i - inventory):
d - 5 arrows (quivered)
Press: ? - help, Shift-Dir - straight line, f/p - Edmund
Aim: Edmund, wielding a dire flail of draining and wearing a chain mail (severely wounded)
You shoot an arrow.
The arrow hits Edmund but does no damage.
Edmund is severely wounded.
Edmund hits you with a dire flail of draining!
* * * LOW HITPOINT WARNING * * *
You feel drained.
* * * LOW HITPOINT WARNING * * *
The gnoll hits you but does no damage.
It was a potion of resistance.
You feel protected.
Edmund hits you with a dire flail of draining.
* * * LOW HITPOINT WARNING * * *
You feel drained.
You die...

# # ## # # # #
#####################
###.###.
#...@@gg.(.(.....g...
........
#.###################
.####.. #.# .# #.#
.####### #.# .......#
#.# .#####.# #.# .#
#.# .############.#


You could see Edmund and 2 gnolls.

Vanquished Creatures
  A phantom (D:4)
  A centaur (D:5)
  A water moccasin skeleton (D:4)
  2 scorpions (D:4)
  A hound (D:4)
  Crazy Yiuf (D:3)
  A gnoll shaman (D:4)
  A centaur skeleton (D:4)
  An orc priest (D:3)
  4 orc wizards
  Terence (D:2)
  A worker ant (D:4)
  A howler monkey skeleton (D:5)
  3 gnolls (D:4)
  5 adders
  An ooze (D:2)
  An adder skeleton (D:4)
  7 worms
  2 dart slugs
  2 leopard geckos (D:4)
  11 orcs
  4 giant cockroaches
  A hobgoblin (D:3)
  7 jackals
  10 kobolds
  2 ball pythons (D:3)
  2 bats (D:2)
  2 frilled lizards (D:1)
  5 goblins
  A leopard gecko skeleton (D:4)
  A quokka skeleton (D:4)
  10 rats
  A fungus (D:3)
95 creatures vanquished.

Notes
Turn   | Place    | Note
-------+----------+-------------------------------------------
     0 | D:1      | sveltemanboy the Centaur Hunter began the quest for the Orb.
     0 | D:1      | Reached XP level 1. HP: 17/17 MP: 1/1
   376 | D:1      | Reached XP level 2. HP: 24/24 MP: 2/2
   760 | D:2      | Noticed Terence
   790 | D:2      | Killed Terence
   790 | D:2      | Reached skill level 6 in Bows
   790 | D:2      | Reached skill level 1 in Armour
   790 | D:2      | Reached XP level 3. HP: 29/29 MP: 3/3
   830 | D:2      | Found a blossoming altar of Fedhas.
   902 | D:2      | Found a shadowy altar of Dithmenos.
  1126 | D:2      | Reached XP level 4. HP: 18/36 MP: 4/4
  1383 | D:2      | Reached skill level 7 in Bows
  2253 | D:3      | Reached XP level 5. HP: 12/41 MP: 5/5
  3360 | D:3      | Reached skill level 8 in Bows
  3709 | D:3      | Found a runed door.
  3713 | D:3      | Noticed Crazy Yiuf
  3745 | D:3      | Killed Crazy Yiuf
  3813 | D:4      | Noticed a phantom
  3837 | D:4      | Killed a phantom
  3837 | D:4      | Reached XP level 6. HP: 36/48 MP: 6/6
  4050 | D:4      | Reached skill level 9 in Bows
  4250 | D:4      | Reached XP level 7. HP: 51/55 MP: 7/7
  4711 | D:4      | Reached skill level 10 in Bows
  4811 | D:4      | Found a staircase to the Ecumenical Temple.
  4893 | Temple   | Entered the Ecumenical Temple
  5351 | D:5      | Entered Level 5 of the Dungeon
  5361 | D:5      | Noticed Edmund
  5815 | D:5      | HP: 1/55 [Edmund/dire flail of draining (5)]
  5815 | D:5      | Slain by Edmund

Vault maps used:
D:1:      dpeg_arrival_three_same_balls
D:2:      fedhas_altar_2, first_bread, nicolae_dithmenos_shadow_blocks,
          uniq_terence
D:3:      uniq_crazy_yiuf_cottage
D:5:      lemuel_doored_altar, kennysheep_little_box, minmay_misc_feat_enclosed,
          uniq_edmund, uniq_grinder, uniq_sigmund
Temple:   eino_temple_lava

Skill      XL: |  1  2  3  4  5  6  7 |
---------------+----------------------+-----
Bows           | 6 7 8 9 10 | 10.4
Armour         | 1 2 3 |  3.5
Fighting       | |  2.0
Dodging        | |  1.3
Stealth        | |  0.4

Action                   |  1- 3 |  4- 6 |  7- 9 || total
-------------------------+-------+-------+-------++-------
Melee: Short sword       |     5 |    99 |    38 ||   142
       Kick              |       |    23 |     8 ||    31
 Fire: Shortbow          |    94 |   128 |   117 ||   339
  Use: Potion            |       |       |     1 ||     1
  Eat: Chunk             |       |    19 |     4 ||    23
Armor: Leather armour    |    11 |     1 |       ||    12
       Ring mail         |       |    34 |    39 ||    73
Dodge: Dodged            |    23 |    53 |    25 ||   101
